 Dungeon Crawl Stone Soup version 0.18-a0-5-gf1fb587 (webtiles) character file.

87 Goblin1989 the Insei (level 4, -6/35 HPs)
             Began as a Demonspawn Monk on Oct 31, 2015.
             Mangled by Rayvis's ghost (10 damage)
             ... on level 3 of the Dungeon.
             The game lasted 00:05:50 (1961 turns).

Goblin1989 the Insei (Demonspawn Monk)              Turns: 1961, Time: 00:05:50

Health: -6/35      AC:  8    Str: 11    XL:     4   Next: 28%
Magic:  4/4        EV: 11    Int: 17    God:
Gold:   87         SH:  0    Dex: 16    Spells: 0 memorised, 3 levels left

rFire  . . .     SeeInvis .       - Unarmed
rCold  . . .     Clarity  .     c - +0 ring mail
rNeg   . . .     SustAt   .     (no shield)
rPois  .         Gourm    .     (no helmet)
rElec  .         Spirit   .     (no cloak)
rCorr  .         Warding  .     k - +0 pair of gloves
rMut   .         Stasis   .     (no boots)
MR     .....                    (no amulet)
Stlth  +.........               (no ring)
                                j - +4 ring of slaying

@: brilliant, not resistant to hostile enchantments, very unstealthy
A: talons 1, thin metallic scales 1, demonic guardian 1
a: no special abilities


You were on level 3 of the Dungeon.
You were not hungry.

You visited 1 branch of the dungeon, and saw 3 of its levels.

You collected 87 gold pieces.

Inventory:

Armour
 c - a +0 ring mail (worn)
 k - a +0 pair of gloves (worn)
Jewellery
 j - a +4 ring of slaying (left hand)
Scrolls
 a - 4 scrolls of identify {unknown}
 d - a scroll of immolation {unknown}
 e - a scroll of recharging {unknown}
 f - 4 scrolls of fear {unknown}
 g - 2 scrolls of teleportation {unknown}
 h - a scroll of random uselessness {unknown}
 i - 2 scrolls of remove curse {unknown}
Comestibles
 b - a bread ration
 l - 2 slices of pizza


   Skills:
 - Level 3.0 Fighting
 - Level 2.6 Dodging
 - Level 1.7 Stealth
 + Level 5.3 Unarmed Combat


You had 3 spell levels left.
You didn't know any spells.

Dungeon Overview and Level Annotations

Branches:
Dungeon (3/15)

Altars:
Dithmenos
Okawaru

Annotations:
D:3 Rayvis's ghost, amateur DsFi


Innate Abilities, Weirdness & Mutations

You have sharp toenails.
You are partially covered in thin metallic scales (AC +2).
A weak demonic guardian rushes to your aid.


Message History

Drink which item? (? for menu, Esc to quit)
It was a potion of brilliance.
You feel clever all of a sudden. Rayvis's ghost hits you!
* * * LOW HITPOINT WARNING * * *
Drink which item? (? for menu, Esc to quit)
It was a potion of curing.
You feel better.
Rayvis's ghost hits you but does no damage.
You hit Rayvis's ghost but do no damage.
Rayvis's ghost is heavily damaged.
Rayvis's ghost hits you but does no damage.
You barely miss Rayvis's ghost.
Rayvis's ghost is heavily damaged.
Rayvis's ghost hits you.
* * * LOW HITPOINT WARNING * * *
Your ring mail prevents you from hitting Rayvis's ghost.
Your kick misses Rayvis's ghost.
Rayvis's ghost is heavily damaged.
Rayvis's ghost hits you!
You die...

..# #. ###### #.# #.#.
.....# #.### ###... .....#
####...### #....##.....#
.........# #.##........#
.......<.# #..#........##
.........# #...5.†.......
......[..####....)#.......
............#...@W........
.[..[.......#......##.#..[
...................#
............#.........
####........#.....#### #
#..<.#...#.....# #
#....#####.....# # #....#
.....## ####....## .#####


You could see Rayvis's ghost and a friendly iron imp.

Vanquished Creatures
  4 adders
  An ooze (D:3)
  A worm (D:2)
  A giant gecko (D:3)
  An orc (D:3)
  5 goblins
  10 hobgoblins
  5 kobolds
  6 bats
  4 giant cockroaches
  2 giant newts
  4 rats (D:1)
44 creatures vanquished.

Notes
Turn   | Place    | Note
--------------------------------------------------------------
     0 | D:1      | Goblin1989 the Demonspawn Monk began the quest for the Orb.
     0 | D:1      | Reached XP level 1. HP: 18/18 MP: 1/1
   130 | D:1      | Reached skill level 4 in Unarmed Combat
   200 | D:1      | Gained mutation: You have sharp toenails. [demonic ancestry]
   200 | D:1      | Reached XP level 2. HP: 24/24 MP: 2/2
   842 | D:2      | Gained mutation: A weak demonic guardian rushes to your aid. [demonic ancestry]
   842 | D:2      | Reached XP level 3. HP: 12/29 MP: 3/3
  1069 | D:2      | Found an iron altar of Okawaru.
  1120 | D:2      | Found a shadowy altar of Dithmenos.
  1677 | D:2      | Reached skill level 5 in Unarmed Combat
  1892 | D:3      | Gained mutation: You are partially covered in thin metallic scales (AC +2). [demonic ancestry]
  1892 | D:3      | Reached XP level 4. HP: 35/35 MP: 4/4
  1941 | D:3      | Noticed Rayvis's ghost (amateur DsFi)
  1957 | D:3      | HP: 1/35 [Rayvis's ghost (7)]
  1961 | D:3      | Mangled by Rayvis's ghost

Vault maps used:
D:1:      lemuel_arrival_behind_the_door_small, serial_co_window_serial,
          co_window_paths_a, co_window_of_opportunity_a, co_window_paths_b,
          co_window_paths_a, co_window_paths_a, co_window_broadway_a,
          co_window_unsneaky_path_a, co_window_unsneaky_path_a,
          co_window_unsneaky_path_a, co_window_unsneaky_path_b, glass_columns_a,
          glass_columns_a, glass_columns_a
D:2:      grunt_dithmenos_smoke, okawaru_metal_pillars_3
D:3:      nicolae_qazlal_style_of_elements

Action                   |  1- 3 |  4- 6 || total
-------------------------+-------+-------++-------
Melee: Unarmed           |   113 |    21 ||   134
  Use: Potion            |       |     2 ||     2
 Stab: Sleeping          |     2 |       ||     2
  Eat: Chunk             |     3 |       ||     3
